[Event "Titled Tuesday Blitz July 13 2021"]
[White "Gracia Alvarez, Gerardo Antonio"]
[Black "Costachi, Mihnea"]
[WhiteFideId "5109124"]
[BlackFideId "1217518"]
[WhiteElo "2148"]
[BlackElo "2482"]
[Result "0-1"]
[Round "07"]
[TimeControl "180+1"]
[Date "2021.07.13"]
[WhiteClock "0:00:56"]
[BlackClock "0:02:43"]

1. e4 c5 2. Nf3 Nc6 3. d4 cxd4 4. Nxd4 Nf6 5. Nc3 d6 6. Be2 a6 7. O-O e6 8. Be3 Be7 9. f4 O-O 10. Qe1 Nxd4 11. Bxd4 b5 12. a3 Bb7 13. Qg3 g6 14. Bd3 Nh5 15. Qh3 Bf6 16. Bxf6 Qxf6 17. f5 exf5 18. exf5 Qd4+ 19. Kh1 Nf4 20. Rxf4 Qxf4 21. Rf1 Qg5 22. Be4 d5 23. Bxd5 Bxd5 24. Nxd5 Rad8 25. Ne7+ Qxe7 26. f6 Qe2 0-1


[Site "https://www.chess.com"]

[Event "Titled Tuesday Blitz July 13 2021"]
[White "Grebeniuk, Semen"]
[Black "Aleksandr_Kozak"]
[WhiteFideId "14117509"]
[WhiteElo "2232"]
[BlackElo "2407"]
[Result "1-0"]
[Round "07"]
[TimeControl "180+1"]
[Date "2021.07.13"]
[WhiteClock "0:00:43"]
[BlackClock "0:00:03"]

1. d4 d5 2. Nf3 e6 3. e3 f5 4. b3 Nf6 5. Bd3 c6 6. O-O Bd6 7. Ba3 Bxa3 8. Nxa3 Nbd7 9. c4 Ne4 10. Qc2 Qf6 11. b4 a6 12. Qb2 b5 13. cxd5 exd5 14. Ne5 Nb6 15. f3 Nd6 16. Nxc6 Ndc4 17. Bxc4 dxc4 18. Ne5 O-O 19. Nb1 Nd5 20. Re1 f4 21. exf4 Nxf4 22. Nc3 Ra7 23. Ne4 Qb6 24. Kh1 Re7 25. Nc5 Qh6 26. Qf2 Bf5 27. Ne4 Rd8 28. Rad1 Be6 29. Qg3 Bd5 30. Ng5 Rf8 31. Ne4 Qb6 32. Nc5 Qd6 33. h3 Rf6 34. Kh2 h6 35. Ng4 1-0


[Site "https://www.chess.com"]

[Event "Titled Tuesday Blitz July 13 2021"]
[White "Hebden, Mark L"]
[Black "Darini, Pouria"]
[WhiteFideId "400084"]
[BlackFideId "12502200"]
[WhiteElo "2457"]
[BlackElo "2489"]
[Result "1/2-1/2"]
[Round "07"]
[TimeControl "180+1"]
[Date "2021.07.13"]
[WhiteClock "0:00:39"]
[BlackClock "0:00:14"]

1. d4 Nf6 2. Nf3 g6 3. g3 Bg7 4. Bg2 O-O 5. O-O d5 6. c4 c6 7. b3 Bf5 8. Bb2 Nbd7 9. Nc3 Ne4 10. cxd5 Nxc3 11. Bxc3 cxd5 12. Nh4 Be6 13. Rc1 Rc8 14. Qd2 Nf6 15. f3 h6 16. Bh1 Qb6 17. Rfd1 Nd7 18. e3 Bf6 19. Ng2 g5 20. Ne1 Bf5 21. Nd3 Bxd3 22. Qxd3 Rc6 23. Bb2 Rfc8 24. Bg2 Rxc1 25. Rxc1 Rxc1+ 26. Bxc1 e6 27. Qc3 Bd8 28. Bf1 Qc7 29. Qxc7 Bxc7 30. g4 Bd6 31. Bb5 Nb8 32. Kf1 a6 33. Bd3 Nc6 34. Ke2 Bxh2 35. Ba3 Bc7 36. Bb2 Bd6 37. a3 f6 38. b4 b5 39. e4 Ne7 40. Kd2 Kf7 41. Bc3 e5 42. a4 exd4 43. Bxd4 Bxb4+ 44. Ke3 bxa4 45. exd5 Nxd5+ 46. Ke4 Nf4 47. Bxa6 Kg6 48. Bc4 h5 49. Be3 Ng2 50. Bc1 h4 51. f4 gxf4 52. Bxf4 Nxf4 53. Kxf4 Bd6+ 54. Kf3 a3 55. Be6 Kg5 56. Kg2 Be5 57. Kh3 Bg3 58. Ba2 Kf4 59. Be6 Ke3 60. Kg2 Ke4 61. Kh3 Kf4 62. Ba2 Ke5 63. Kg2 Ke4 64. Kh3 Kd3 65. Kg2 Kc3 66. Kf3 Kb2 67. Be6 a2 68. Bxa2 Kxa2 69. g5 fxg5 70. Kg4 Bf4 71. Kh3 Kb3 72. Kg4 Kc4 73. Kf3 Kd4 74. Kg4 Ke5 75. Kh3 Kf5 76. Kg2 g4 77. Kh1 h3 78. Kg1 g3 79. Kh1 Ke4 80. Kg1 Kf3 81. Kh1 Be3 1/2-1/2


[Site "https://www.chess.com"]

[Event "Titled Tuesday Blitz July 13 2021"]
[White "Holt, Conrad"]
[Black "Mirzoev, Azer"]
[WhiteFideId "2034387"]
[BlackFideId "13400304"]
[WhiteElo "2586"]
[BlackElo "2525"]
[Result "1-0"]
[Round "07"]
[TimeControl "180+1"]
[Date "2021.07.13"]
[WhiteClock "0:00:06"]
[BlackClock "0:00:01"]

1. d4 d5 2. c4 c6 3. Nc3 Nf6 4. e3 a6 5. b3 Bf5 6. Bd3 Bg6 7. Nge2 e6 8. O-O Nbd7 9. Nf4 Bxd3 10. Qxd3 Be7 11. e4 dxe4 12. Nxe4 Nxe4 13. Qxe4 O-O 14. Be3 Nf6 15. Qf3 Qa5 16. Rfd1 Rad8 17. h3 Qf5 18. a4 h6 19. a5 Rfe8 20. g4 Qe4 21. Kg2 Bd6 22. Qxe4 Nxe4 23. Ne2 Be7 24. f3 Nf6 25. Nf4 Nd7 26. Nd3 Bd6 27. f4 f5 28. Ne5 fxg4 29. hxg4 Bc7 30. Nxd7 Rxd7 31. Kf3 Rf8 32. Ke4 Rdf7 33. Rf1 g5 34. Rh1 gxf4 35. Bd2 Rf6 36. Rh5 Rg6 37. Kf3 Rd8 38. Bc3 e5 39. Rd1 exd4 40. Rxd4 Rxd4 41. Bxd4 Kf7 42. b4 Bd6 43. b5 Ke6 44. bxa6 bxa6 45. Rf5 Be7 46. Rxf4 Rg8 47. Re4+ Kd7 48. Be3 Bg5 49. Bb6 Rf8+ 50. Ke2 Rf7 51. Rd4+ Ke6 52. Bc5 Rf4 53. Rd6+ Kf7 54. Kd3 Rxg4 55. Rxc6 Rg3+ 56. Ke4 Rg4+ 57. Kd5 h5 58. Rxa6 h4 59. Ra7+ Kg6 60. Bd6 h3 61. Ra8 Rg2 62. Rh8 Bh6 63. Rg8+ Kf7 64. Rxg2 hxg2 65. Bh2 Be3 66. a6 Ke8 67. c5 Bf4 68. a7 Bxh2 69. a8=Q+ Kf7 70. Qb7+ Kg6 71. Qb1+ Kg5 72. Qc1+ Kg4 73. Qd1+ Kg3 74. Qe1+ Kh3 75. c6 g1=Q 76. Qxg1 Bxg1 77. c7 Bh2 78. c8=Q+ 1-0


[Site "https://www.chess.com"]

[Event "Titled Tuesday Blitz July 13 2021"]
[White "Horton, Andrew P"]
[Black "Lazavik, Denis"]
[WhiteFideId "424269"]
[BlackFideId "13515110"]
[WhiteElo "2401"]
[BlackElo "2436"]
[Result "0-1"]
[Round "07"]
[TimeControl "180+1"]
[Date "2021.07.13"]
[WhiteClock "0:00:11"]
[BlackClock "0:00:11"]

1. b3 d5 2. Bb2 Nf6 3. Nf3 c6 4. g3 Bf5 5. Bg2 e6 6. d3 h6 7. Nbd2 Be7 8. O-O O-O 9. Qe1 Bh7 10. e4 c5 11. Ne5 a5 12. a4 Na6 13. Qe2 Nb4 14. Rac1 Rc8 15. Rfe1 Re8 16. h3 Nd7 17. Nxd7 Qxd7 18. Qg4 Bf8 19. exd5 Nxd5 20. Nc4 Bf5 21. Qe2 Qd8 22. Qd2 b6 23. Re2 Nb4 24. Kh2 Nc6 25. Rce1 Nd4 26. Re3 Be7 27. Qd1 Bf6 28. Ba1 Bh7 29. Ne5 Qc7 30. Ng4 Bg5 31. f4 Be7 32. Ne5 Bf6 33. Ng4 Be7 34. Ne5 Red8 35. Be4 Nf5 36. Bxf5 Bxf5 37. Nc4 Bh7 38. Qf3 Bf8 39. R3e2 Qc6 40. Qxc6 Rxc6 41. Kg2 Be7 42. Kf3 Bf6 43. Be5 Kf8 44. g4 Be7 45. Bb2 Bg8 46. f5 Bh4 47. Rf1 f6 48. fxe6 Bxe6 49. Kg2 Bd5+ 50. Kh2 Re8 51. Rxe8+ Kxe8 52. Rd1 Kf7 53. Rd2 Re6 54. Bc3 Re1 55. Rg2 Rf1 56. Nd6+ Ke6 57. Ne4 Bxe4 58. dxe4 Bg5 59. Re2 Bf4+ 60. Kg2 Rd1 61. Kf3 Be5 62. Bxe5 Kxe5 63. Kg3 c4 64. bxc4 Rd4 65. Kf3 Rxc4 66. Re3 Rxa4 67. Rb3 Rb4 68. Rxb4 axb4 69. Ke3 b5 70. h4 g6 71. Kf3 Kd4 72. Kf4 Kc3 73. h5 gxh5 74. gxh5 Kxc2 75. Kf5 b3 76. Kxf6 b2 77. e5 b1=Q 78. e6 Qf1+ 79. Kg7 Qe1 80. Kf7 b4 81. e7 b3 82. e8=Q Qxe8+ 83. Kxe8 b2 84. Kf7 b1=Q 85. Kg6 Qc1 0-1


[Site "https://www.chess.com"]

[Event "Titled Tuesday Blitz July 13 2021"]
[White "Howell, David W L"]
[Black "Sjugirov, Sanan"]
[WhiteFideId "410608"]
[BlackFideId "4189302"]
[WhiteElo "2643"]
[BlackElo "2472"]
[Result "1/2-1/2"]
[Round "07"]
[TimeControl "180+1"]
[Date "2021.07.13"]
[WhiteClock "0:01:45"]
[BlackClock "0:01:20"]

1. d4 Nf6 2. c4 e6 3. Nf3 d5 4. Nc3 Nbd7 5. Bf4 dxc4 6. e3 Bd6 7. Bxd6 cxd6 8. Bxc4 O-O 9. O-O Nb6 10. Bd3 Nbd5 11. Rc1 Bd7 12. Nxd5 Nxd5 13. Qb3 Bc6 14. Bb5 Bxb5 15. Qxb5 Rb8 16. Rc2 a6 17. Qb3 Qd7 18. Rfc1 Rfc8 19. h3 Ne7 20. Nd2 Rxc2 21. Rxc2 Rc8 22. Rxc8+ Nxc8 23. Qc4 Ne7 24. a3 Kf8 25. Kf1 Ke8 26. Ke2 d5 27. Qc5 Qc6 28. Qxc6+ Nxc6 29. Kd3 1/2-1/2


[Site "https://www.chess.com"]

[Event "Titled Tuesday Blitz July 13 2021"]
[White "Jarovinsky, Alexey"]
[Black "Golubev, Mikhail"]
[WhiteFideId "14115131"]
[BlackFideId "14100983"]
[WhiteElo "2446"]
[BlackElo "2374"]
[Result "1-0"]
[Round "07"]
[TimeControl "180+1"]
[Date "2021.07.13"]
[WhiteClock "0:00:08"]
[BlackClock "0:00:02"]

1. Nc3 e5 2. Nf3 Nc6 3. d4 exd4 4. Nxd4 Nf6 5. Bg5 Bc5 6. e3 O-O 7. Be2 h6 8. Bh4 Nxd4 9. exd4 Be7 10. O-O d5 11. Bd3 Bg4 12. f3 Bh5 13. Ne2 Bg6 14. Nf4 Bxd3 15. Nxd3 Nd7 16. Bg3 c6 17. Re1 Bh4 18. Bxh4 Qxh4 19. c3 Rfe8 20. Qd2 Kf8 21. g3 Qg5 22. Qxg5 hxg5 23. Kf2 f6 24. Rxe8+ Rxe8 25. Rh1 Kf7 26. h4 gxh4 27. Rxh4 Nb6 28. b3 Nc8 29. a4 Nd6 30. g4 b6 31. Rh1 Re7 32. Rh8 Re8 33. Rh1 Re7 34. Nb4 Rc7 35. Rh8 Nb7 36. Na6 Re7 37. Rc8 Re6 38. Rc7+ Re7 39. Rc8 Re6 40. b4 Nd6 41. Rc7+ Kg6 42. Nb8 Nc4 43. Nxc6 Nb2 44. Ne7+ Kg5 45. Nxd5 Kh4 46. Nf4 Nd1+ 47. Kg2 Re3 48. Rxg7 Rxc3 49. Rh7+ Kg5 50. Ne6+ Kg6 51. Rg7+ Kh6 52. Rxa7 Rc4 53. Nf8 Rxd4 54. Kg3 Rd3 55. Rh7+ Kg5 56. Rh5# 1-0


[Site "https://www.chess.com"]

[Event "Titled Tuesday Blitz July 13 2021"]
[White "Khanin, Semen"]
[Black "Yoo, Christopher Woojin"]
[WhiteFideId "4111990"]
[BlackFideId "30909694"]
[WhiteElo "2521"]
[BlackElo "2105"]
[Result "0-1"]
[Round "07"]
[TimeControl "180+1"]
[Date "2021.07.13"]
[WhiteClock "0:00:04"]
[BlackClock "0:00:06"]

1. e4 c5 2. Nf3 e6 3. d4 cxd4 4. Nxd4 Nf6 5. Nc3 Qb6 6. Nb3 Bb4 7. Bd3 d6 8. O-O O-O 9. Be3 Qd8 10. f4 Nbd7 11. Qf3 Bxc3 12. bxc3 Qc7 13. Rad1 b6 14. g4 d5 15. e5 Ne4 16. Bd4 Bb7 17. Nd2 Ndc5 18. f5 Rae8 19. Qe3 exf5 20. gxf5 Rxe5 21. Bxe5 Qxe5 22. f6 gxf6 23. Nf3 Qh5 24. Nd4 Kh8 25. Kh1 Rg8 26. Rg1 Ng3+ 27. Rxg3 Qxd1+ 28. Kg2 Rxg3+ 29. hxg3 Ne4 30. Bxe4 dxe4 31. Kf2 Qg4 32. Qh6 Qg7 33. Qf4 Bd5 34. Nf5 Qf8 35. Qe3 Qc5 36. Nd4 Kg7 37. Qf4 Be6 38. Qe3 Bf5 39. Ke2 Bg6 40. Kd2 h5 41. Qf4 Qd5 42. Ke3 Qxa2 43. Nf5+ Bxf5 44. Qxf5 Qxc2 45. Qxh5 Qxc3+ 46. Kxe4 Qc4+ 47. Ke3 Qc5+ 0-1


[Site "https://www.chess.com"]

[Event "Titled Tuesday Blitz July 13 2021"]
[White "Khusnutdinov, Rustam"]
[Black "Iskusnyh, Sergei"]
[WhiteFideId "13701703"]
[BlackFideId "4120027"]
[WhiteElo "2571"]
[BlackElo "2492"]
[Result "1-0"]
[Round "07"]
[TimeControl "180+1"]
[Date "2021.07.13"]
[WhiteClock "0:00:17"]
[BlackClock "0:00:06"]

1. d4 d5 2. c4 e6 3. Nf3 dxc4 4. e3 Nf6 5. Bxc4 a6 6. O-O b5 7. Bd3 Bb7 8. Qe2 Nbd7 9. a4 b4 10. e4 c5 11. d5 e5 12. a5 Bd6 13. Nbd2 Nf8 14. Nc4 Ng6 15. g3 O-O 16. b3 Bc8 17. Nfd2 Bh3 18. Rd1 Re8 19. Bb2 Bf8 20. Nb6 Ra7 21. Bxa6 h5 22. Bb5 Ree7 23. Ndc4 h4 24. d6 Re6 25. d7 Bg4 26. f3 Bh3 27. Rd2 Nh5 28. Qf2 hxg3 29. hxg3 Ngf4 30. Bxe5 Rg6 31. Bxf4 Nxf4 32. Qh2 Qh4 33. d8=Q Rxg3+ 34. Kh1 Rg5 35. Qxg5 Qxg5 36. Rg1 Qh5 37. Rg3 Be7 38. Rxh3 Nxh3 39. Kg2 1-0


[Site "https://www.chess.com"]

[Event "Titled Tuesday Blitz July 13 2021"]
[White "Kolb, Tobias"]
[Black "Vlassov, Nikolai"]
[WhiteFideId "12992321"]
[BlackFideId "4103360"]
[WhiteElo "2110"]
[BlackElo "2407"]
[Result "0-1"]
[Round "07"]
[TimeControl "180+1"]
[Date "2021.07.13"]
[WhiteClock "0:00:20"]
[BlackClock "0:01:12"]

1. d4 Nf6 2. c4 Nc6 3. Nf3 e6 4. Nc3 Bb4 5. Qc2 d6 6. Bd2 O-O 7. e3 e5 8. a3 Bxc3 9. Bxc3 Qe7 10. Be2 Bg4 11. h3 Bxf3 12. Bxf3 exd4 13. Bxc6 dxc3 14. Bxb7 Rab8 15. Bf3 cxb2 16. Rb1 Qe5 17. O-O Rb6 18. Rfd1 Rfb8 19. Rd3 Nd7 20. Rd5 Qf6 21. Rb5 a6 22. Rxb6 Rxb6 23. Qe4 g6 24. Qe8+ Nf8 25. Be4 Kg7 26. a4 Qe6 27. Qxe6 Nxe6 28. a5 Rb4 29. Bd5 Nc5 30. Kf1 Na4 0-1


[Site "https://www.chess.com"]

[Event "Titled Tuesday Blitz July 13 2021"]
[White "Kononenko, Dmitry"]
[Black "Borsuk, Konstantin"]
[WhiteFideId "14113538"]
[BlackFideId "14113406"]
[WhiteElo "2289"]
[BlackElo "2363"]
[Result "0-1"]
[Round "07"]
[TimeControl "180+1"]
[Date "2021.07.13"]
[WhiteClock "0:00:17"]
[BlackClock "0:01:02"]

1. d4 Nf6 2. c4 e6 3. g3 Bb4+ 4. Bd2 a5 5. Bg2 O-O 6. e4 d5 7. cxd5 exd5 8. e5 Ne4 9. Bxb4 axb4 10. Ne2 f6 11. f3 Ng5 12. f4 Ne4 13. Nd2 f5 14. O-O Nc6 15. Nb3 Be6 16. Nc5 Nxc5 17. dxc5 Ra5 18. Nd4 Nxd4 19. Qxd4 c6 20. Qxb4 Qa8 21. a3 Ra4 22. Qd2 Qa7 23. Rac1 g6 24. Kh1 Kf7 25. g4 fxg4 26. f5 gxf5 27. Qh6 Ke7 28. Qxh7+ Rf7 29. Qh4+ Kd7 30. h3 Qb8 31. Rce1 Qa7 32. Qh5 Qxc5 33. h4 Rd4 34. Qg5 Qe7 35. Qxe7+ Kxe7 36. Kh2 f4 37. h5 Rh7 38. Rd1 Rxh5+ 39. Kg1 Rxd1 40. Rxd1 f3 41. Bh1 Rxe5 42. Rd4 Re4 43. Rd2 Re1+ 44. Kh2 Re2+ 0-1


[Site "https://www.chess.com"]

[Event "Titled Tuesday Blitz July 13 2021"]
[White "Kotepalli, Sai Nirupama"]
[Black "Hryshchenko, Kamila"]
[WhiteFideId "5039444"]
[BlackFideId "14147491"]
[WhiteElo "2452"]
[BlackElo "1966"]
[Result "1/2-1/2"]
[Round "07"]
[TimeControl "180+1"]
[Date "2021.07.13"]
[WhiteClock "0:00:02"]
[BlackClock "0:00:20"]

1. e4 d5 2. exd5 Qxd5 3. d4 Nc6 4. Be3 e5 5. dxe5 Qxd1+ 6. Kxd1 Nxe5 7. Nd2 Bf5 8. Ngf3 Ng4 9. Bd3 Bxd3 10. cxd3 O-O-O 11. Ke2 Bd6 12. h3 N4f6 13. Ng5 Rd7 14. Rac1 Nd5 15. Nc4 Bf4 16. Ne4 Kb8 17. g3 Bh6 18. a3 b6 19. Ne5 Kc8 20. Nxd7 Kxd7 21. Rc4 g6 22. Rhc1 Bg7 23. R1c2 Nge7 24. Bd4 f6 25. f4 c5 26. Bf2 f5 27. Ng5 h6 28. Nf3 a5 29. d4 cxd4 30. Bxd4 Bxd4 31. Rxd4 Kd6 32. Ne5 Rg8 33. Nf7+ Ke6 34. Ne5 g5 35. Kf3 gxf4 36. gxf4 Rg1 37. Re2 Rf1+ 38. Kg3 Kd6 39. Nf7+ Kc5 40. Red2 Rg1+ 41. Kf2 Rh1 42. Nxh6 Rxh3 43. Nf7 Ne3 44. Ne5 N7d5 45. b4+ axb4 46. axb4+ Nxb4 47. Nd7+ Kb5 48. Rd6 Nc4 49. R6d5+ Nxd5 50. Rxd5+ Kc6 51. Rd4 b5 52. Ne5+ Kc5 53. Rd8 Nd6 54. Nd7+ Kc6 55. Ne5+ Kc5 56. Nd7+ Kd5 57. Nf6+ Ke6 58. Ne8 Ne4+ 59. Kg2 Rg3+ 60. Kh2 Rf3 61. Nc7+ Ke7 62. Rd5 Rxf4 63. Nxb5 Ke6 64. Rc5 Kf6 65. Rc6+ Kg5 66. Nd4 Rf2+ 67. Kg1 Rd2 68. Nf3+ Kf4 69. Nxd2 Nxd2 70. Rc5 Nf3+ 71. Kf2 Ne5 72. Ra5 Nd3+ 73. Ke2 Ne5 74. Ra4+ Kg5 75. Ke3 Ng4+ 76. Kf3 Ne5+ 77. Kg2 Nd3 78. Ra5 Nf4+ 79. Kf3 Nd3 80. Rxf5+ Kxf5 1/2-1/2


[Site "https://www.chess.com"]

[Event "Titled Tuesday Blitz July 13 2021"]
[White "Kretov, Evgenij"]
[Black "Nasyrova, Ekaterina"]
[WhiteFideId "4167821"]
[BlackFideId "44157797"]
[WhiteElo "2400"]
[BlackElo "2115"]
[Result "1-0"]
[Round "07"]
[TimeControl "180+1"]
[Date "2021.07.13"]
[WhiteClock "0:00:57"]
[BlackClock "0:00:03"]

1. d4 d5 2. c4 e6 3. Nc3 Nf6 4. cxd5 exd5 5. Bg5 Be7 6. e3 c6 7. Bd3 O-O 8. Qc2 Re8 9. Nf3 Ne4 10. Bxe7 Qxe7 11. Bxe4 dxe4 12. Nd2 f5 13. O-O Nd7 14. Rab1 Nf6 15. b4 Bd7 16. Na4 Nd5 17. Nc5 b6 18. Nxd7 Qxd7 19. Rfc1 Rac8 20. Nc4 f4 21. Ne5 Qf5 22. Nxc6 fxe3 23. fxe3 Rc7 24. Qb3 Qg5 25. Kh1 Kh8 26. Ne5 Nxe3 27. Rg1 Ree7 28. Rbe1 Ng4 29. Qg3 h5 30. h3 e3 31. hxg4 hxg4 32. Qxg4 Qh6+ 33. Qh3 Re6 34. Rxe3 Kg8 35. Qxh6 Rxh6+ 36. Rh3 Rd6 37. Rh4 Rcc6 38. Nxc6 1-0


[Site "https://www.chess.com"]

[Event "Titled Tuesday Blitz July 13 2021"]
[White "Kubatko, Ivan"]
[Black "Kavyev, Ruslan"]
[WhiteFideId "24111473"]
[BlackFideId "34110981"]
[WhiteElo "2285"]
[BlackElo "2172"]
[Result "0-1"]
[Round "07"]
[TimeControl "180+1"]
[Date "2021.07.13"]
[WhiteClock "0:00:20"]
[BlackClock "0:01:41"]

1. e4 c5 2. c3 Nf6 3. e5 Nd5 4. d4 cxd4 5. cxd4 d6 6. Nf3 Nc6 7. Bc4 dxe5 8. dxe5 Ndb4 9. Qe2 Bg4 10. O-O Nd4 11. Bxf7+ Kxf7 12. Ng5+ Kg8 13. Qxg4 Nbc2 14. Rd1 h6 15. Nf3 Ne2+ 0-1


[Site "https://www.chess.com"]

[Event "Titled Tuesday Blitz July 13 2021"]
[White "Kukhmazov, Arsen"]
[Black "Barp, Alberto"]
[WhiteFideId "24108260"]
[BlackFideId "872555"]
[WhiteElo "2453"]
[BlackElo "2229"]
[Result "1-0"]
[Round "07"]
[TimeControl "180+1"]
[Date "2021.07.13"]
[WhiteClock "0:01:34"]
[BlackClock "0:00:02"]

1. d4 Nf6 2. c4 e6 3. Nf3 d5 4. e3 Bd6 5. b3 O-O 6. Bb2 b6 7. Bd3 Bb7 8. O-O Nbd7 9. Nc3 a6 10. Qe2 Ne4 11. Nd2 f5 12. f3 Bxh2+ 13. Kxh2 Qh4+ 14. Kg1 Ng3 15. Qe1 Nf6 16. Ne2 Qh1+ 17. Kf2 Nxf1 18. Qxf1 Qh4+ 19. g3 Qh6 20. Qh1 Qg6 21. Nf4 Qf7 22. cxd5 Nxd5 23. Nc4 Nf6 24. Ne5 Qe7 25. Qc1 Rac8 26. Ba3 c5 27. dxc5 bxc5 28. Bc4 Nd5 29. Bb2 Kh8 30. Nfg6+ hxg6 31. Nxg6+ 1-0


[Site "https://www.chess.com"]

[Event "Titled Tuesday Blitz July 13 2021"]
[White "Le, Tuan Minh"]
[Black "Ozen, Bahadir"]
[WhiteFideId "12401153"]
[BlackFideId "6337058"]
[WhiteElo "2450"]
[BlackElo "2503"]
[Result "1-0"]
[Round "07"]
[TimeControl "180+1"]
[Date "2021.07.13"]
[WhiteClock "0:00:26"]
[BlackClock "0:00:02"]

1. d4 Nf6 2. Nf3 e6 3. Bg5 d5 4. e3 Nbd7 5. c4 Be7 6. Nc3 O-O 7. Rc1 h6 8. Bh4 b6 9. cxd5 exd5 10. Bd3 Bb7 11. O-O c5 12. Qc2 Re8 13. Rfd1 Ne4 14. Bxe7 Qxe7 15. dxc5 Ndxc5 16. Bb5 Red8 17. Nd4 Rac8 18. Qe2 a6 19. Bd3 b5 20. a3 Qg5 21. Bb1 Qf6 22. h3 g6 23. Ba2 Nxc3 24. Rxc3 Ne4 25. Rcc1 Kg7 26. Qf3 Qxf3 27. gxf3 Nd6 28. b3 Kf6 29. Bb1 Rxc1 30. Rxc1 Rc8 31. Rd1 Rc3 32. h4 g5 33. hxg5+ hxg5 34. Kf1 Ke7 35. Ke2 Kf6 36. Kd2 Rc8 37. Rh1 Ke7 38. Rh6 Bc6 39. Bf5 Rc7 40. Rh5 Kf6 41. Bd3 Bd7 42. Rh1 Ke7 43. Rh6 Rc8 44. Ne2 g4 45. Nf4 Be6 46. fxg4 Ne4+ 47. Bxe4 dxe4 48. Nxe6 fxe6 49. Rh7+ Kf6 50. Rd7 Ke5 51. b4 Rf8 52. Ke2 Ra8 53. Rf7 a5 54. Rb7 axb4 55. Rxb5+ Kf6 56. axb4 Ra2+ 57. Kf1 Rb2 58. g5+ Kg6 59. Kg2 Rd2 60. Re5 Rb2 61. Rxe6+ Kf5 62. Rb6 Kxg5 63. b5 Rb1 64. Rb8 Rb2 65. b6 Kf6 66. b7 Kg7 67. Kg3 Rb6 68. f3 exf3 69. Kxf3 Rb4 70. e4 Kh7 71. e5 Rb6 72. e6 Rxe6 73. Rc8 Rf6+ 74. Kg4 Rg6+ 75. Kf5 Rc6 76. Rxc6 1-0


[Site "https://www.chess.com"]

[Event "Titled Tuesday Blitz July 13 2021"]
[White "Liu, Manli"]
[Black "Tokman, Ariel"]
[WhiteFideId "8608121"]
[BlackFideId "117420"]
[WhiteElo "2061"]
[BlackElo "2345"]
[Result "1-0"]
[Round "07"]
[TimeControl "180+1"]
[Date "2021.07.13"]
[WhiteClock "0:00:53"]
[BlackClock "0:00:16"]

1. e4 Nf6 2. e5 Nd5 3. d4 d6 4. exd6 exd6 5. Nf3 Be7 6. c4 Nf6 7. Bd3 O-O 8. O-O Nc6 9. h3 Bd7 10. a3 a5 11. Nc3 Re8 12. Re1 h6 13. Bc2 Bf8 14. Rxe8 Qxe8 15. Be3 Ne7 16. Qd2 Nf5 17. Bf4 Qd8 18. Re1 Ne7 19. d5 Bf5 20. Nd4 Bxc2 21. Qxc2 Qd7 22. Ne4 Nxe4 23. Qxe4 Ng6 24. Bg3 Be7 25. h4 Bf6 26. h5 Ne5 27. b3 a4 28. Qc2 axb3 29. Qxb3 b6 30. Bxe5 Bxe5 31. Nc6 Bf6 32. Qf3 Re8 33. Re4 Rxe4 34. Qxe4 Qc8 35. g3 Qa8 36. Kg2 Qc8 37. Qe7 Bg5 38. Qxg5 1-0


[Site "https://www.chess.com"]

[Event "Titled Tuesday Blitz July 13 2021"]
[White "Madaminov, Mukhiddin"]
[Black "Gabrielian, Artur"]
[WhiteFideId "14210703"]
[BlackFideId "4131002"]
[WhiteElo "1747"]
[BlackElo "2523"]
[Result "1-0"]
[Round "07"]
[TimeControl "180+1"]
[Date "2021.07.13"]
[WhiteClock "0:00:09"]
[BlackClock "0:00:08"]

1. e4 c5 2. Nf3 d6 3. Bb5+ Nd7 4. O-O a6 5. Bd3 Ngf6 6. Re1 b5 7. c3 c4 8. Bc2 Bb7 9. a4 e6 10. axb5 axb5 11. Rxa8 Qxa8 12. Na3 Be7 13. Nxb5 O-O 14. Qe2 Rc8 15. d3 cxd3 16. Bxd3 Nc5 17. Nd2 Nxd3 18. Qxd3 d5 19. exd5 Nxd5 20. Nf3 Ba6 21. c4 Bxb5 22. cxb5 Qa1 23. Bg5 Qxb2 24. Bxe7 Nxe7 25. Qd7 Qb4 26. h3 Rb8 27. Qc7 Rc8 28. Qd7 h6 29. b6 Rb8 30. Rc1 Qf4 31. Rb1 Nd5 32. b7 Kh7 33. Qc8 Ne7 34. Qc5 Nf5 35. Rb4 Qd6 36. Qc3 Qd5 37. Qb2 Nd6 38. Rd4 Qc5 39. Qb1+ g6 40. Qd1 Nxb7 41. Rd7 Kg8 42. Qb3 Qc6 43. Ne5 Qc1+ 44. Kh2 Qf4+ 45. Qg3 Qf3 46. Qxf3 1-0


[Site "https://www.chess.com"]

[Event "Titled Tuesday Blitz July 13 2021"]
[White "Maevsky, Nikolay"]
[Black "Rustemov, Alexander"]
[WhiteFideId "4198220"]
[BlackFideId "4119002"]
[WhiteElo "2213"]
[BlackElo "2778"]
[Result "0-1"]
[Round "07"]
[TimeControl "180+1"]
[Date "2021.07.13"]
[WhiteClock "0:01:39"]
[BlackClock "0:01:53"]

1. d4 d5 2. Nf3 Nf6 3. c4 e6 4. g3 Be7 5. Bg2 O-O 6. O-O c6 7. Qc2 Nbd7 8. Rd1 b6 9. Nbd2 Bb7 10. e4 Rc8 11. e5 Ne8 12. cxd5 cxd5 13. Qd3 Qc7 14. Bf1 Qc2 15. Qxc2 Rxc2 16. Bd3 Rc8 17. a3 Nc7 18. b4 Ba6 19. Bb1 Nb5 20. Bb2 Nc3 21. Bxc3 Rxc3 22. Ne1 Be2 23. Ba2 Bxd1 24. Rxd1 Rxa3 25. Bb1 Bxb4 26. Ndf3 Bxe1 27. Nxe1 Rc8 28. Nc2 Rac3 29. Rd2 b5 30. Kf1 a5 31. Ke2 b4 32. Ne1 Nb6 33. Nd3 Nc4 34. Rd1 Na3 35. Nc5 Nxb1 36. Rxb1 R8xc5 37. dxc5 Rxc5 38. Kd2 Kf8 39. f4 Ke7 40. h4 h5 41. g4 hxg4 42. Rg1 b3 43. Rxg4 b2 44. Rg1 a4 45. Rb1 a3 0-1


[Site "https://www.chess.com"]

[Event "Titled Tuesday Blitz July 13 2021"]
[White "Maiorov, Nikita"]
[Black "Paravyan, David"]
[WhiteFideId "13501720"]
[BlackFideId "4194985"]
[WhiteElo "2440"]
[BlackElo "2562"]
[Result "0-1"]
[Round "07"]
[TimeControl "180+1"]
[Date "2021.07.13"]
[WhiteClock "0:00:06"]
[BlackClock "0:00:03"]

1. d4 Nf6 2. c4 c6 3. Nc3 d5 4. e3 b6 5. Nf3 e6 6. Bd3 Ba6 7. Qe2 dxc4 8. Bxc4 Bxc4 9. Qxc4 Be7 10. O-O O-O 11. e4 b5 12. Qe2 b4 13. Na4 Qa5 14. b3 Nbd7 15. Bg5 h6 16. Bxf6 Bxf6 17. Rac1 Qb5 18. Qc4 Rfc8 19. Nc5 Nxc5 20. Qxc5 a5 21. Rc4 Qxc5 22. Rxc5 a4 23. Rc4 axb3 24. axb3 Ra3 25. Rb1 Be7 26. g3 c5 27. Ne1 Raa8 28. Rbc1 Ra3 29. Rb1 Raa8 30. Rbc1 Ra3 31. Rxb4 cxb4 32. Rxc8+ Bf8 33. d5 exd5 34. exd5 Rxb3 35. d6 Rb1 36. d7 Rxe1+ 37. Kg2 Rd1 38. d8=Q Rxd8 39. Rxd8 h5 40. Rb8 g6 41. Kf3 Kg7 42. Ke4 Bc5 43. f3 Bg1 44. h3 Bh2 45. Rxb4 Bxg3 46. Rb7 Bh4 47. Ke5 Bf6+ 48. Kd5 Bg5 49. Kd6 Kf6 50. Kd7 Kf5 51. Ke8 f6 52. Kf7 Bf4 53. Rb4 g5 54. Ra4 Be5 55. Ke7 Bf4 56. Kf7 Be5 57. Kg7 Bf4 58. Kh6 g4+ 59. Kxh5 gxh3 60. Kh4 h2 61. Ra1 Be3 62. Rh1 Bg1 63. Kg3 Kg5 64. f4+ Kf5 65. Kf3 Ke6 66. Kg3 Kd5 67. Kf3 f5 68. Kg3 Ke4 69. Kg2 Kxf4 0-1


[Site "https://www.chess.com"]